 Dungeon Crawl Stone Soup version 0.17-a0-1636-g3119f2b (webtiles) character file.

377 urechis the Changer (level 6, 0/47 HPs)
             Began as a Draconian Transmuter on Aug 6, 2015.
             Succumbed to Crazy Yiuf's poison
             ... while paralysed by Crazy Yiuf
             ... on level 3 of the Dungeon.
             The game lasted 00:11:28 (2746 turns).

urechis the Changer (Draconian Transmuter)          Turns: 2746, Time: 00:11:28

Health: 0/47       AC:  7    Str: 13    XL:     6   Next: 45%
Magic:  7/9        EV:  2    Int: 13    God:
Gold:   105        SH:  0    Dex: 13    Spells: 3 memorised, 3 levels left

rFire  . . .     SeeInvis .       - Unarmed
rCold  . . .     Clarity  .     (armour unavailable)
rNeg   . . .     SustAt   .     (no shield)
rPois  .         Gourm    .     (helmet restricted)
rElec  .         Spirit   .     (no cloak)
rCorr  .         Warding  .     (no gloves)
rMut   .         Stasis   .     h - +0 pair of boots
MR     .....                    (no amulet)
Stlth  +.........               (no ring)
                                (no ring)

@: paralysed, lethally poisoned (0 -> -19), not resistant to hostile
enchantments, very unstealthy
A: unfitting armour, cold-blooded, AC +6
a: no special abilities


You were on level 3 of the Dungeon.
You were very hungry.

You visited 1 branch of the dungeon, and saw 3 of its levels.

You collected 105 gold pieces.

Inventory:

Missiles
 a - 49 arrows
 q - 10 poisoned arrows
Armour
 h - a +0 pair of boots (worn)
Scrolls
 d - 2 scrolls of immolation {unknown}
 f - 2 scrolls of magic mapping {unknown}
 g - a scroll of noise {unknown}
 i - a scroll of teleportation {unknown}
 o - a scroll of fog {unknown}
 p - a scroll of enchant armour {unknown}
 r - a scroll of enchant weapon {unknown}
Potions
 e - a potion of haste {unknown}
 j - a potion of ambrosia {unknown}
 k - a potion of brilliance {unknown}
 l - a potion of poison {unknown}
 m - a potion of agility {unknown}
 n - a potion of curing {unknown}
Books
 b - a book of Changes

   Spells                             Type                      Level
   a - Beastly Appendage              Transmutation                1
   b - Sticks to Snakes               Transmutation                2
   c - Spider Form                    Transmutation/Poison         3
   d - Ice Form                       Ice/Transmutation            4
   e - Blade Hands                    Transmutation                5
Comestibles
 c - a bread ration


   Skills:
 - Level 1.1 Fighting
 - Level 1.7 Dodging
 - Level 3.0 Unarmed Combat
 - Level 2.0 Spellcasting
 + Level 7.0 Transmutations


You had 3 spell levels left.
You knew the following spells:

 Your Spells              Type           Power        Failure   Level  Hunger
a - Beastly Appendage     Trmt           ###...       1%          1    ##.....
b - Sticks to Snakes      Trmt           ###.......   1%          2    ###....
c - Spider Form           Trmt/Pois      ##........   17%         3    ####...


Dungeon Overview and Level Annotations

Branches:
Dungeon (3/15)

Altars:
Ashenzari
Makhleb

Annotations:
D:3 Crazy Yiuf


Innate Abilities, Weirdness & Mutations

Your plain brown scales are hard (AC +6).
Your body does not fit into most forms of armour.
You are cold-blooded and may be slowed by cold attacks.


Message History

You hit Crazy Yiuf.
Crazy Yiuf is lightly wounded.
Crazy Yiuf completely misses you.
You hit Crazy Yiuf.
Crazy Yiuf looks even sicker.
Crazy Yiuf is moderately wounded.
Crazy Yiuf hits you with a quarterstaff of chaos!
You suddenly lose the ability to move!
You are feeling very hungry.
Crazy Yiuf completely misses you.
Crazy Yiuf hits you with a quarterstaff of chaos!
You are lethally poisoned!
You feel sick. Crazy Yiuf hits you but does no damage.
You feel sick.
Your transformation has ended.
Your +0 pair of boots unmelds from your body.
* * * LOW HITPOINT WARNING * * *
You feel sick.
Crazy Yiuf hits you with a quarterstaff of chaos!
* * * LOW HITPOINT WARNING * * *
You die...

#.#.#....#
#.#.#....#
#.#.#....#
###
#.#.#....#
.)#
#.#)#....#
..#
#.#.#)...#
..
#)#.#....#
.#
#.#.#)...#
♣♣g♣
#....#'###
♣@♣
######.#
♣♣.♣ #.#
♣.♣♣ #.#
♣♣.♣♣ #.#
♣..P♣♣ #.#
♣.P.P♣ #.#
#....# #.#
#....# #.#
##...#


You could see Crazy Yiuf.

Vanquished Creatures
  Sigmund (D:2)
  3 orc wizards (D:3)
  Natasha (thrice) (D:2)
  4 adders
  4 orcs (D:3)
  7 bats
  3 giant cockroaches (D:1)
  6 goblins
  7 hobgoblins
  5 kobolds (D:1)
  A quokka (D:3)
  A ball python (D:2)
  3 giant newts
  7 jackals
  7 rats
62 creatures vanquished.

Notes
Turn   | Place    | Note
--------------------------------------------------------------
     0 | D:1      | urechis the Draconian Transmuter began the quest for the Orb.
     0 | D:1      | Reached XP level 1. HP: 16/16 MP: 3/3
   186 | D:1      | Reached XP level 2. HP: 11/23 MP: 5/5
   399 | D:1      | Learned a level 2 spell: Sticks to Snakes
   826 | D:2      | Noticed Sigmund
   843 | D:1      | Reached XP level 3. HP: 7/28 MP: 4/6
  1159 | D:2      | Noticed Natasha
  1178 | D:2      | Killed Natasha
  1178 | D:2      | Reached skill level 4 in Transmutations
  1352 | D:1      | Learned a level 3 spell: Spider Form
  1540 | D:2      | Noticed Natasha
  1547 | D:2      | Killed Natasha
  1547 | D:2      | Reached XP level 4. HP: 35/35 MP: 3/7
  1648 | D:2      | Noticed Natasha
  1659 | D:2      | Killed Natasha
  1829 | D:2      | Killed Sigmund
  1829 | D:2      | Reached skill level 6 in Transmutations
  1829 | D:2      | Reached XP level 5. HP: 24/40 MP: 5/8
  2010 | D:2      | Found a burning altar of Makhleb.
  2010 | D:2      | Noticed a balrug
  2209 | D:3      | Reached XP level 6. HP: 45/47 MP: 9/9
  2555 | D:3      | Reached skill level 7 in Transmutations
  2719 | D:3      | Found a shattered altar of Ashenzari.
  2734 | D:3      | Noticed Crazy Yiuf
  2740 | D:3      | Paralysed by Crazy Yiuf for 7 turns
  2745 | D:3      | HP: 1/47 [Crazy Yiuf/quarterstaff of chaos (13)]
  2746 | D:3      | Succumbed to Crazy Yiuf's poison

Vault maps used:
D:1:      matt_arrival_diagonals
D:2:      minivault_11, makhleb_altar_promises_db, uniq_natasha, uniq_sigmund
D:3:      ashenzari_altar_1, uniq_iyjb, uniq_crazy_yiuf_cottage

Action                   |  1- 3 |  4- 6 || total
-------------------------+-------+-------++-------
Melee: Unarmed           |   107 |   165 ||   272
 Cast: Beastly Appendage |     4 |     4 ||     8
       Spider Form       |     1 |     3 ||     4
 Stab: Sleeping          |     1 |     1 ||     2
  Eat: Chunk             |     2 |     4 ||     6
